 Dungeon Crawl Stone Soup version 0.22-a0-580-gd5db89c09a (webtiles) character file.

61 PikkenKukken the Skirmisher (level 3, 0/29 HPs)
             Began as a Demonspawn Fighter on July 2, 2018.
             Slain by a sky beast (6 damage)
             ... on level 3 of the Dungeon.
             The game lasted 00:03:42 (2357 turns).

PikkenKukken the Skirmisher (Demonspawn Fighter)    Turns: 2357, Time: 00:03:43

Health: 0/29       AC:  9    Str: 16    XL:     3   Next: 83%
Magic:  12/12      EV:  8    Int:  9    God:
Gold:   33         SH:  9    Dex: 13    Spells: 2/2 levels left

rFire    . . .     SeeInvis .   a - +1 long sword
rCold    . . .     Gourm    .   c - +0 shield
rNeg     . . .     Faith    +   b - +0 scale mail
rPois    .         Spirit   .   j - +0 helmet
rElec    .         Reflect  .   (no cloak)
rCorr    .         Harm     .   (no gloves)
MR       .....                  l - +0 pair of boots
Stlth    ..........             s - amulet of faith
HPRegen  0.09/turn              e - ring of magical power
MPRegen  0.13/turn              (no ring)

@: no status effects
A: powered by death 1, sturdy frame 1
a: no special abilities


You were on level 3 of the Dungeon.
You were not hungry.

You visited 1 branch of the dungeon, and saw 3 of its levels.

You collected 33 gold pieces.

Inventory:

Hand Weapons
 a - a +1 long sword (weapon)
Armour
 b - a +0 scale mail (worn)
 c - a +0 shield (worn)
 j - a +0 helmet (worn)
 l - a +0 pair of boots (worn)
Jewellery
 e - a ring of magical power (left hand)
 s - an amulet of faith (around neck)
Scrolls
 f - 4 scrolls of identify
 m - a scroll of magic mapping {unknown}
 n - 2 scrolls of fog {unknown}
 p - a scroll of fear
 q - a scroll of remove curse {unknown}
Potions
 d - a potion of might
 g - 2 potions of flight
 h - 5 potions of curing
 k - a potion of berserk rage {unknown}
 o - a potion of brilliance {unknown}
Comestibles
 i - a ration
 r - 4 chunks of flesh


   Skills:
 + Level 3.4 Fighting
 + Level 2.3 Long Blades
 + Level 3.1 Armour
 + Level 1.2 Dodging
 + Level 3.1 Shields


You had 2 spell levels left.
You didn't know any spells.
Your spell library was empty.

Dungeon Overview and Level Annotations

Branches:
Dungeon (3/15)

Altars:


Innate Abilities, Weirdness & Mutations

You regenerate a little health from kills.
Your movements are slightly less encumbered by armour. (ER -2)


Message History

You miss the sky beast. You block the giant cockroach's attack.
The sky beast hits you but does no damage.
The giant cockroach bites you but does no damage.
You hit the sky beast but do no damage.
You hear the slow rusting of a very distant drain.
The sky beast flickers out of sight!
Deactivating autopickup; reactivate with Ctrl-A.
Something hits you. Something shocks you.
* * * LOW HITPOINT WARNING * * *
The giant cockroach barely misses you.
You hit the giant cockroach but do no damage.
You block something's attack.
The giant cockroach bites you but does no damage. x2
Something hits you but does no damage.
You slash the giant cockroach!
You kill the giant cockroach!
Something hits you.
* * * LOW HITPOINT WARNING * * *
Something shocks you.
You die...

###...##.##.....(......#
.#..#..#)##............#
...###..).#.<.......!..#
.#..#..#...............#
###...##.##............#
# #...#.###.............
# #.#.#. #......!......
#.#.#. #......{......
..#... ######@....### #.
#..# #†....# #.....#
#.....# #.....# #.......
......... #........


There were no monsters in sight!

Vanquished Creatures
  2 adders (D:2)
  An ooze (D:2)
  A worm (D:2)
  2 leopard geckos
  6 bats
  3 giant cockroaches
  3 goblins
  5 hobgoblins
  A frilled lizard (D:2)
  4 kobolds
  7 rats
35 creatures vanquished.

Notes
Turn   | Place    | Note
-------+----------+-------------------------------------------
     0 | D:1      | PikkenKukken the Demonspawn Fighter began the quest for the Orb.
     0 | D:1      | Reached XP level 1. HP: 18/18 MP: 1/1
   484 | D:1      | Gained mutation: You regenerate a little health from kills. [demonic ancestry]
   484 | D:1      | Reached XP level 2. HP: 17/24 MP: 2/2
  1496 | D:2      | Gained mutation: Your movements are slightly less encumbered by armour. (ER -2) [demonic ancestry]
  1496 | D:2      | Reached XP level 3. HP: 23/29 MP: 3/3
  1638 | D:2      | Reached skill level 1 in Dodging
  2210 | D:3      | Noticed a sky beast
  2357 | D:3      | Slain by a sky beast

Vault maps used:
D:1:      dpeg_arrival_circle_labyrinth_c
D:2:      first_ration
D:3:      wad_crossroads, portal_sewer_entry_b, minmay_mini_jars, uniq_ijyb,
          uniq_sigmund

Skill      XL: |  1  2  3 |
---------------+----------+-----
Long Blades    | 2 |  2.3
Shields        | 3 |  3.1
Dodging        | 1 |  1.2
Armour         | 3 |  3.1
Fighting       | |  3.4

Action                   || total
-------------------------++-------
Melee: Long sword        ||   100
  Use: Scroll            ||     6
  Eat: Ration            ||     1
       Chunk             ||     1
Armor: Scale mail        ||    47
Dodge: Dodged            ||    33
Block: Shield            ||    51
       Rpst.: Long sword ||     7

Table legend:
 A = Spawn XP
 B = Non-spawn XP
 C = Spawn XP percentage of total XP
 D = Spawn monster count
 E = Non-spawn monster count
 F = Spawn count percentage of total count
 G = Total turns spent on level
                    A         B        C        D         E        F      G
               +---------+---------+-------+---------+---------+-------+---------
         Total |       0 |      88 |   0.0 |       0 |      35 |   0.0 |  2357
               +---------+---------+-------+---------+---------+-------+---------
           D:1 |       0 |      26 |   0.0 |       0 |      16 |   0.0 |  1431
           D:2 |       0 |      52 |   0.0 |       0 |      13 |   0.0 |   787
           D:3 |       0 |      10 |   0.0 |       0 |       6 |   0.0 |   139
               +---------+---------+-------+---------+---------+-------+---------
